 Dungeon Crawl Stone Soup version 0.17-a0-1596-g1e86911 (webtiles) character file.

78 Nakatomy the Digger (level 4, -8/24 HPs)
             Began as a Gargoyle Earth Elementalist on July 30, 2015.
             Engulfed by Natasha's flame (24 damage)
             ... on level 2 of the Dungeon.
             The game lasted 00:14:25 (2104 turns).

Nakatomy the Digger (Gargoyle Earth Elementalist)   Turns: 2104, Time: 00:14:25

Health: -8/24      AC:  6    Str: 11    XL:     4   Next: 36%
Magic:  0/8        EV: 12    Int: 17    God:
Gold:   110        SH:  0    Dex: 10    Spells: 3 memorised, 3 levels left

rFire  . . .     SeeInvis .     j - +0 dagger
rCold  . . .     Clarity  .     k - +0 robe
rNeg   + . .     SustAt   .     (no shield)
rPois  ∞         Gourm    .     (no helmet)
rElec  +         Spirit   .     i - +0 cloak
rCorr  .         Warding  .     (no gloves)
rMut   .         Stasis   .     (no boots)
MR     .....                    (no amulet)
Stlth  ++........               (no ring)
                                (no ring)

@: slowed, very slow, not resistant to hostile enchantments, unstealthy
A: negative energy resistance 1, electricity resistance, unbreathing,
petrification resistance, rot immunity, AC +3
a: no special abilities


You were on level 2 of the Dungeon.
You were not hungry.

You visited 1 branch of the dungeon, and saw 2 of its levels.

You collected 110 gold pieces.

Inventory:

Hand weapons
 g - a +0 short sword
 j - a +0 dagger (weapon)
Missiles
 a - 89 stones (quivered)
Armour
 i - a +0 cloak (worn)
 k - a +0 robe (worn)
Jewellery
 b - an uncursed ring of poison resistance {unknown}
 p - an uncursed ring of poison resistance {unknown}
Magical devices
 q - a wand of enslavement (2)
Scrolls
 e - 4 scrolls of identify {unknown}
 m - a scroll of teleportation {unknown}
 n - a scroll of immolation {unknown}
 r - a scroll of remove curse {unknown}
Potions
 h - 3 potions of curing {unknown}
 l - a potion of might {unknown}
 o - a potion of heal wounds {unknown}
Books
 c - a book of Geomancy

   Spells                             Type                      Level
   a - Sandblast                      Earth                        1
   b - Stoneskin                      Transmutation/Earth          2
   c - Passwall                       Transmutation/Earth          3
   d - Stone Arrow                    Conjuration/Earth            3
   e - Petrify                        Transmutation/Earth          4
   f - Lee's Rapid Deconstruction     Earth                        5
Comestibles
 d - a bread ration
 f - 4 chunks of flesh


   Skills:
 - Level 0.2 Fighting
 - Level 1.9 Dodging
 - Level 2.1 Stealth
 - Level 0.2 Unarmed Combat
 * Level 3.0 Spellcasting
 + Level 1.0 Conjurations
 - Level 0.7 Transmutations
 + Level 4.6 Earth Magic


You had 3 spell levels left.
You knew the following spells:

 Your Spells              Type           Power        Failure   Level  Hunger
a - Sandblast             Erth           ###...       2%          1    None
b - Stone Arrow           Conj/Erth      ##....       17%         3    ###....
c - Stoneskin             Trmt/Erth      ##......     12%         2    ##.....


Dungeon Overview and Level Annotations

Branches:
Dungeon (2/15)

Altars:

Annotations:
D:2 Natasha


Innate Abilities, Weirdness & Mutations

You are resistant to torment.
Your stone body is resilient (AC +3).
You are immune to poison.
You resist negative energy.
You are resistant to electric shocks.
You can survive without breathing.
You are immune to petrification.
You are immune to rotting.


Message History

Natasha is severely wounded.
Natasha barely misses you.
Natasha mumbles some strange words. x2
The crimson imp shouts, "Remove thy stench, thou gleeking doghearted clack-dish!"
The white imp disappears in a puff of smoke!
Natasha claws you.
Casting: Sandblast
Confirm with . or Enter, or press ? or * to list all spells.
Aiming: Sandblast
Press: ? - help, Shift-Dir - straight line, f/p - Natasha
Aim: Natasha (severely wounded)
The blast of sand hits Natasha.
Natasha is severely wounded.
Natasha closely misses you. Natasha casts a spell next to you.
A cloud of flames roars to life!
Really walk into that cloud of flame?
You are engulfed in roaring flames.
Ouch! That really hurt!
You die...

#.# #.#
#.#####.###.#
#.# #.# #.#
#.#.... #.# #.#
#.# #.#.#.# #.#
#.# #.#.#.#
#.###########.#
#.#...#
#.#........##.#
#.#####
#.#.######.##.#
#......
#.#.######.##.#
#######
#....5h.@...#.#
###.#########.#
#.(.........#
#.#########.#
### ###


You could see Natasha and a crimson imp.

Vanquished Creatures
  A gnoll (D:1)
  An adder (D:2)
  4 giant geckos
  3 ball pythons (D:1)
  5 giant cockroaches
  9 goblins
  6 hobgoblins
  4 jackals (D:2)
  5 bats
  A giant newt (D:2)
  5 kobolds
  9 rats
53 creatures vanquished.

Notes
Turn   | Place    | Note
--------------------------------------------------------------
     0 | D:1      | Nakatomy the Gargoyle Earth Elementalist began the quest for the Orb.
     0 | D:1      | Reached XP level 1. HP: 10/10 MP: 3/3
   188 | D:1      | Reached XP level 2. HP: 10/15 MP: 0/5
   288 | D:1      | Reached skill level 4 in Earth Magic
   710 | D:1      | Reached XP level 3. HP: 19/19 MP: 2/6
   715 | D:1      | Learned a level 3 spell: Stone Arrow
  1575 | D:2      | Reached XP level 4. HP: 21/24 MP: 1/8
  1838 | D:2      | Noticed Natasha
  2018 | D:2      | Reached skill level 1 in Conjurations
  2059 | D:2      | Learned a level 2 spell: Stoneskin
  2104 | D:2      | Engulfed by Natasha's flame

Vault maps used:
D:1:      sevenhm_arrival_forest_fort_small_4, minmay_cut_off
D:2:      uniq_natasha

Action                   |  1- 3 |  4- 6 || total
-------------------------+-------+-------++-------
Melee: Unarmed           |    27 |       ||    27
       Dagger            |    12 |     7 ||    19
 Cast: Sandblast         |    78 |    29 ||   107
       Stone Arrow       |     1 |     1 ||     2
       Stoneskin         |       |     1 ||     1
  Eat: Chunk             |     3 |     2 ||     5
